Frizzbo, chaotic female sylph Rogue ---------- ........ -.....- --------- |.....+ |(((|...| |.....| |(((|...| |.....| |...|.[.| -+--.....----|---|--- | | -+---+---...............qE....| ..............{......{....q.....| | -+----+--....---|--..h........| ----.|....|.-----+---.| + |..[.|.+ | |.._.|.| |....|.| ------.- . --- Frizzbo the Rogue Experience level: 6 Strength: 13 Dexterity: 16 Constitution: 13 Intelligence: 10 Wisdom: 11 Charisma: 13 Health: 0(44) Energy: 32(32) Def: 0 Gold: 15 Moves: 3903 Dungeon seed: LLkw83ylSaUfvs9C Game ID: Frizzbo_1467231806 Your Inventory: Coins $ - 15 gold pieces Weapons a - an uncursed very corroded +0 short sword (weapon in hand) b - 15 uncursed +0 daggers (in quiver) m - 13 uncursed +0 daggers Armor y - an uncursed +0 dwarvish cloak Comestibles q - an uncursed egg Scrolls M - a blessed scroll of blank paper O - 2 uncursed scrolls of blank paper Potions s - an uncursed potion of water Wands c - an uncursed wand of magic missile (0:3) h - an uncursed wand of opening (0:3) Tools d - an uncursed lock pick f - an uncursed sack g - an uncursed blindfold v - an uncursed leash w - an uncursed tin whistle F - 5 uncursed partly used tallow candles (0:74) R - an uncursed wax candle (0:400) V - an uncursed +0 pick-axe Gems e - an uncursed worthless piece of yellowish brown glass n - 2 uncursed worthless pieces of green glass r - an uncursed amethyst stone z - an uncursed opal N - an uncursed worthless piece of violet glass Y - a cursed touchstone Contents of the sack: 751 gold pieces 4 uncursed scrolls of blank paper 2 cursed scrolls of blank paper an uncursed scroll of enchant weapon 2 uncursed scrolls of identify a blessed scroll of light an uncursed scroll of light an uncursed scroll of punishment an uncursed scroll of scare monster an uncursed scroll of water an uncursed potion of blindness an uncursed potion of gain energy 2 uncursed potions of healing an uncursed potion of invisibility an uncursed potion of sickness an uncursed potion of speed Spells and supernatural/magical abilities: Name Level Category Fail Memory W - pray for help -- divine ? -- Your skills at the end: Miscellaneous Skills wands [Basic] Weapon Skills dagger [Skilled] short sword [Basic] Spellcasting Skills healing spells [Basic] Final Attributes: You were piously aligned. You saw invisible. You had infravision. You were stealthy. You were protected from shape changers. You were lucky. You are dead. Vanquished creatures: 2 shriekers 3 gnome lords 2 gnomish wizards 3 paper golems 2 floating eyes 5 dwarves 4 iguanas 3 orc zombies a coyote a gas spore a hobbit 2 acid blobs a large kobold 3 geckos a giant rat a brown mold 15 gnomes 3 manes 4 jackals 2 foxes 2 kobolds 2 newts 2 sewer rats 6 grid bugs 5 lichens 2 kobold zombies 78 creatures vanquished. Voluntary challenges: You were vegetarian. You did not adorn yourself with jewelry or accessories. You used a wielded weapon 13 times, starting on turn 709. You did not apply a unicorn horn. You read items or engraved 2 times, starting on turn 711. You never genocided any monsters. You never polymorphed an object. You never changed form. You used no wishes. You never split a pudding. You never wrote Elbereth's name. You never violated your personal moral code. Dungeon overview: The Dungeons of Doom: levels 1 to 4 Level 1 an altar to Mog, some fountains a long staircase Level 2 a potion shop, some fountains stairs to The Gnomish Mines Level 3 a fountain Level 4 The Gnomish Mines: levels 3 to 5 Level 3 stairs to The Dungeons of Doom Level 4 Level 5 <- You were here a lighting shop, a temple to Kos, some fountains History has recorded: On T:1 you entered the Dungeons of Doom to retrieve the Amulet of Yendor! On T:338 you advanced to experience level 2. On T:604 you reached level 2 of The Dungeons of Doom. On T:1180 you reached level 3 of The Dungeons of Doom. On T:1293 you advanced to experience level 3. On T:1609 you reached level 4 of The Dungeons of Doom. On T:2166 you advanced to experience level 4. On T:2439 you reached level 1 of The Gnomish Mines. On T:2575 you advanced to experience level 5. On T:2821 you reached level 2 of The Gnomish Mines. On T:3353 you advanced to experience level 6. On T:3774 you reached level 3 of The Gnomish Mines. On T:3774 you entered the Minetown temple Score breakdown: Gold: 766 ( 76 points) Experience: 6 levels ( 500 points) Exploration: 5 levels ( 120 points) Discoveries: 4 items ( 200 points) Variety of kills: 26 monsters ( 1300 points) Major goal: reached Minetown ( 500 points) Survival: died (score multiplied by 3) Total score: 8088 Latest messages: You kill the dwarf! You have a little trouble lifting b - 2 uncursed +0 daggers (in quiver). There are a few more objects here. You have a little trouble lifting m - an uncursed dagger. Z - a dwarf corpse. You stagger under your heavy load. Movement is very hard. The rothe claws you! The rothe bites! (2x) The rothe claws you! The rothe bites! (2x) The rothe claws you! The rothe bites! (2x) The rothe claws you! The rothe bites! (2x) The rothe claws you! The rothe bites! (2x) You have so little stamina, the corpse drops from your grasp. Your movements are only slowed slightly by your load. A dwarf corpse hits the floor. The rothe claws you! The rothe bites! (2x) You die... Final status: Goodbye Frizzbo the Rogue, killed by a rothe... You died in The Gnomish Mines on dungeon level 5 with 8088 points, and 766 pieces of gold, after 3903 moves. You were level 6 with a maximum of 44 hit points when you died.